 Dungeon Sprint DCSS version 0.30.0-15-g856e2d3f33 (webtiles) character file.

Game seed: 5965226216413780578

13700000 GloriousHammer the Axe Maniac (level 27, -6/197 (228) HPs)
             Began as a Djinni Warper on May 20, 2023.
             Was the Champion of Makhleb.
             Killed from afar by a wretched soul (98 damage)
             ... with a bolt of negative energy
             ... in the Dungeon (Sprint VIII: "Arena of Blood").
             The game lasted 00:05:06 (137 turns).

GloriousHammer the Axe Maniac (Djinni Warper)        Turns: 137, Time: 00:05:06

HP:   -6/197 (228)  AC:  6    Str: 10    XL:     27
Gold: 0             EV: 36    Int: 17    God:    Makhleb [******] SH:  0 Dex: 25

rFire   + + .        i - +∞ Axe of Woe
rCold   x . .        (shield currently unavailable)
rNeg    . . .        b - +0 leather armour
rPois   ∞            (no helmet)
rElec   .            (no cloak)
rCorr   .            (no gloves)
SInv    +            (boots unavailable)
Will    ++...        (no amulet)
Stlth   ++++++++++   v - ring of see invisible
HPRegen 0.52/turn    (no ring)
MPRegen 0.00/turn

%: no teleportation, infuse magic (-7 HP)
@: flying, slowed, heavily drained, very slow
A: sickness immunity, fire resistance 2, cold vulnerability 1, float, innate
caster, HP casting, extra vitality 1
a: Renounce Religion, Minor Destruction, Lesser Servant of Makhleb, Major
Destruction, Greater Servant of Makhleb


You were in the Dungeon.
You worshipped Makhleb.
Makhleb was exalted by your worship.
You visited 1 branch

Inventory:

Hand Weapons
 a - a +0 hand axe
 i - the +∞ Axe of Woe (weapon)
   (You found it in the Dungeon)
Missiles
 d - 7 boomerangs of dispersal
Armour
 b - a +0 leather armour (worn)
Jewellery
 v - a ring of see invisible (left hand)
 Y - a +200 ring of slaying
Scrolls
 c - 2 scrolls of blinking
Potions
 e - a potion of curing
 f - a potion of heal wounds
 g - a potion of haste
 h - a potion of berserk rage


   Skills:
 O Level 27 Fighting
 O Level 27 Short Blades
 O Level 27 Long Blades
 O Level 27 Axes
 O Level 27 Maces & Flails
 O Level 27 Polearms
 O Level 27 Staves
 O Level 27 Ranged Weapons
 O Level 27 Throwing
 O Level 27 Armour
 O Level 27 Dodging
 O Level 27 Stealth
 O Level 27 Shields
 O Level 27 Unarmed Combat
 O Level 27 Spellcasting
 O Level 27 Invocations
 O Level 27 Evocations


You knew the following spells:

 Your Spells              Type           Power      Damage    Failure   Level
a - Manifold Assault      Tloc           86%        N/A       0%          4
b - Lesser Beckoning      Tloc           100%       N/A       0%          2
c - Vhi's Electric Charg  Tloc/Air       100%       N/A       0%          3
d - Teleport Other        Tloc           86%        N/A       0%          3
e - Blink                 Tloc           100%       N/A       0%          2
f - Foxfire               Conj/Fire      100%       2x1d9     0%          1
g - Momentum Strike       Conj/Tloc      100%       3d10      0%          2
h - Poisonous Vapours     Pois/Air       100%       N/A       0%          2
i - Call Canine Familiar  Summ           86%        N/A       0%          3
j - Passage of Golubria   Tloc           86%        N/A       0%          4
k - Yara's Violent Unrav  Hex/Tmut       43%        3d17      0%          5
l - Summon Cactus Giant   Summ           43%        N/A       0%          6
m - Statue Form           Tmut/Erth      57%        N/A       0%          6
n - Malign Gateway        Summ/Tloc      43%        N/A       1%          7
o - Storm Form            Tmut/Air       43%        N/A       1%          7
p - Haunt                 Necr/Summ      43%        N/A       1%          7
q - Shatter               Erth           43%        3d33*     2%          9
r - Chain Lightning       Conj/Air       43%        3d57      2%          9
Your spell library was empty.

Dungeon Overview and Level Annotations

Branches:
Dungeon (1/1)

Altars:
Makhleb


Innate Abilities, Weirdness & Mutations

You are immune to sickness and miasma.
You are immune to poison.
Your flesh is very heat resistant. (rF++)
You are vulnerable to cold. (rC-)
You float through the air rather than walking.
You learn spells naturally, not from books.
Your magical power is your life essence.
You have superior vitality. (+4 MHP)


Message History

Your life force feels restored.
Casting: Manifold Assault (safe; 0% risk of failure)
Confirm with . or Enter, or press ? or * to list all spells.
Space momentarily warps into an impossible shape!
The scourge hisses angrily.
You carve the scourge like a ham!!!
You cleave the scourge in twain.
You kill the scourge!
Makhleb accepts your kill.
You feel better.
You slash the observer!
You slaughter the observer joyfully.
You kill the observer!
Makhleb accepts your kill.
You feel better.
You hit the bag of meat.
You fatally mangle the bag of meat.
You kill the bag of meat!
Makhleb accepts your kill.
You slice the fleshlord like a ripe choko!!!
You pulverise the fleshlord into a thin bloody mist.
You kill the fleshlord!
Makhleb accepts your kill.
The destroyer appears out of thin air!
A destroyer comes into view. It is wielding a +9 heavy great sword.
The destroyer shouts!
You hear a shout! x2
An observer comes into view.
A bag of meat comes into view. It is wielding a +9 war axe.
You hear a shout!
Casting: Manifold Assault (safe; 0% risk of failure)
Confirm with . or Enter, or press ? or * to list all spells.
Space momentarily warps into an impossible shape!
The observer turns its gaze towards you.
You hit the destroyer but do no damage.
You dissect the destroyer like a pig carcass.
You destroy the destroyer!
Makhleb accepts your kill.
You feel better.
You slice the bag of meat!!
You cleave the bag of meat in twain.
You kill the bag of meat!
Makhleb accepts your kill.
You hit the observer but do no damage.
You fatally mangle the observer.
You kill the observer!
Makhleb accepts your kill.
You hear a shout! x4
Casting: Manifold Assault (safe; 0% risk of failure)
Confirm with . or Enter, or press ? or * to list all spells.
Aiming: Passage of Golubria (safe; 0% risk of failure)
Press: ? - help, Dir - move target You hear a shout! x9
You hear a shout! x6
A scourge comes into view.
You hear a shout!
Items here: ))))) ===== †††.
Casting: Passage of Golubria (safe; 0% risk of failure)
Confirm with . or Enter, or press ? or * to list all spells.
Space momentarily warps into an impossible shape!
The scourge hisses angrily.
You hit the scourge but do no damage.
You cleave the scourge in twain.
You kill the scourge!
Makhleb accepts your kill.
You feel better.
An observer comes into view.
You hear a shout! x4
You enter the passage of Golubria. 2 wretched souls, a meat beast, 3 bags of meat, 2 ogres, 2 eight-headed meat hydras, 2 scourges and 3 fleshlords come into view.
You hear a shout! x2
A tyrant comes into view.
The fleshlord casts a spell.
The fleshlord seems to speed up.
You hear a shout! x2
A sculptor of flesh comes into view. It is wielding a +9 great sword.
An accursed comes into view.
A large bag of meat comes into view. It is wielding a +9 giant spiked club.
You hear a shout! x2
An eight-headed meat hydra comes into view.
The fleshlord points at you and mumbles some strange words.
You feel as though you will be slow longer.
You hear a shout!
The fleshlord moves out of view.
The large bag of meat moves out of view.
The sculptor of flesh moves out of view.
The accursed moves out of view.
You hear two shouts!
There is a passage of Golubria here.
Items here: )) ==.
Casting: Manifold Assault (safe; 0% risk of failure)
Confirm with . or Enter, or press ? or * to list all spells.
Space momentarily warps into an impossible shape!
The bag of meat shouts! x2; The scourge hisses angrily.
The bag of meat shouts!
The eight-headed meat hydra roars! x3; The fleshlord shouts!
You slice the bag of meat!! You chop the bag of meat into pieces.
You kill the bag of meat!
Makhleb accepts your kill.
You feel better.
You slice one of the eight-headed meat hydra's heads off!
The seven-headed meat hydra grows two more!
You cut the nine-headed meat hydra into ribbons!!!
You dissect the nine-headed meat hydra like a pig carcass.
You kill the nine-headed meat hydra!
Makhleb accepts your kill.
You slash the bag of meat!
You slaughter the bag of meat joyfully.
You kill the bag of meat!
Makhleb accepts your kill.
You hear a shout! x2; You hear a roar!
You hear a shout!
A bag of meat comes into view. It is wielding a +9 war axe. x2
The meat beast completely misses you. The meat beast misses you.
You hear a shout! x2
The eight-headed meat hydra calls on the powers of darkness!
The eight-headed meat hydra convulses!
The scourge convulses!
The fleshlord convulses!
The large bag of meat convulses!
Flame seeps out of the large bag of meat.
The bag of meat convulses!
The fleshlord convulses!
The scourge convulses!
The eight-headed meat hydra convulses!
The bag of meat convulses!
The bag of meat shouts!
The meat berserker convulses!
Your body is wracked with pain!
The meat berserker rages.
A tyrant comes into view.
You hear a shout!
A sculptor of flesh comes into view. It is wielding a +9 great sword.
The eight-headed meat hydra calls on the powers of darkness!
The eight-headed meat hydra convulses!
The bag of meat convulses!
The scourge convulses!
The bag of meat convulses!
The fleshlord convulses!
The eight-headed meat hydra convulses!
The scourge convulses!
The fleshlord convulses!
The large bag of meat convulses!
Flame seeps out of the large bag of meat.
The meat berserker convulses!
Your body is wracked with pain!
* * * LOW HITPOINT WARNING * * *
The fleshlord gestures wildly while chanting.
The fleshlord seems to speed up.
The large bag of meat is engulfed in blazing flames.
The bag of meat moves out of view.
You hear a shout!
You hear two shouts!
You hear a shout! x2
A meat berserker comes into view. It is wielding a +9 battleaxe.
The bag of meat shouts!
You hit the meat beast but do no damage.
You butcher the meat beast messily.
You kill the meat beast!
Makhleb accepts your kill.
You feel better.
You hear a roar!
You hear a shout! x2
The scourge breathes poison at you. The blast of poison misses you.
You hear a shout!
A meat berserker comes into view. It is wielding a +9 battleaxe.
The fleshlord casts a spell at you.
You feel as though you will be slow longer.
The tyrant gestures wildly while chanting.
You hear a shout! x3
A bag of meat comes into view. It is wielding a +9 war axe.
You hear a shout! x2
Casting: Manifold Assault (safe; 0% risk of failure)
Confirm with . or Enter, or press ? or * to list all spells.
Space momentarily warps into an impossible shape!
You slice the meat berserker!!
You fatally mangle the meat berserker.
You kill the meat berserker!
Makhleb accepts your kill.
You feel better.
You hit the fleshlord.
You cleave the fleshlord in twain.
You kill the fleshlord!
Makhleb accepts your kill.
You feel better.
You slash the fleshlord!
You slaughter the fleshlord joyfully.
You kill the fleshlord!
Makhleb accepts your kill.
You feel better.
The meat berserker rages.
You hear a shout! x2
The observer gazes at you. Something smites you!
You hear a shout!
The meat berserker is engulfed in poison gas.
The meat berserker is poisoned.
The meat berserker hits you with a +9 battleaxe!!!
You hear a shout!
You slash the meat berserker!
You cleave the meat berserker in twain.
You kill the meat berserker!
Makhleb accepts your kill.
You feel better.
You lop one of the eight-headed meat hydra's heads off!
The seven-headed meat hydra grows two more!
You slash the nine-headed meat hydra!
You dissect the nine-headed meat hydra like a pig carcass.
You kill the nine-headed meat hydra!
Makhleb accepts your kill.
You feel better. ------------------------------------------------------------------------------ ------------------------------------------------------------------------------ -- The Meatlord has descended... -- ------------------------------------------------------------------------------ ------------------------------------------------------------------------------ You hear a shout! x5
The eight-headed meat hydra calls on the powers of darkness!
The eight-headed meat hydra convulses!
The scourge convulses!
The bag of meat convulses! x2; The scourge convulses!
The large bag of meat convulses!
Flame seeps out of the large bag of meat.
The bag of meat convulses! x2; Your body is wracked with pain!
The observer convulses!
The scourge throws poison at you.
The bolt of poison hits the large abomination.
The large abomination completely resists.
The bolt of poison hits you but does no damage.
You resist.
The bolt of poison hits the observer!!!
A bag of meat comes into view. It is wielding a +9 war axe.
The wretched soul breathes negative energy at you.
The bolt of negative energy hits the sculptor of flesh.
The sculptor of flesh completely resists.
The bolt of negative energy hits you!!!!
You feel drained.
You die...

#).)..).).)..))))...O#..
#..†.)..)))).)))...##.#
.#).))..).)..)))........
).#)....))).)...........
..)..))†)....)..........
)...).....)............
.....#°°)○...#)).......
..).#○°°..))#.G......
..)###X@GO.zL###.....
XoLO.)°°###O))...
#.XXS○o)._...O)..
..oWz.#o....#....
.))WS.#_.<._# .
....D.#..)).#
#..)....._.....
......o.###......
...###... ..###.


You could see a tentacled monstrosity (summoned), 2 tyrants, an eight-headed
meat hydra, an observer (fast, invisible), 2 scourges, 2 sculptors of flesh, 2
large bags of meat, 3 large abominations, a meat berserker (berserk), 2 wretched
souls and 5 bags of meat.

Vanquished Creatures
  12 hell knights (D)
  8 hell beasts (D)
  Edmund (D)
  9 royal mummies (D)
  11 great orbs of eyes (D)
  9 wraiths (D)
  16 vampire knights (D)
  49 ogres (D)
  8 two-headed ogres (D)
  4 liches (D)
  8 hydras (D)
  4 phantoms (D)
  94 orcs (D)
  7 skeletal warriors (D)
  6 sea snakes (D)
246 creatures vanquished.

Notes
Turn   | Place    | Note
-------+----------+-------------------------------------------
     0 | D        | Found the +∞ Axe of Woe
     0 | D        | GloriousHammer the Djinni Warper began the quest for the
                  | Orb.
     0 | D        | GloriousHammer set off with the following spells memorised:
                  | Blink, Lesser Beckoning, Vhi's Electric Charge, Teleport
                  | Other, Manifold Assault.
     0 | D        | Reached XP level 1. HP: 18/18 MP: 0/0
     0 | D        | Noticed a bag of meat
     1 | D        | Killed a bag of meat
     1 | D        | Noticed a bag of meat
     1 | D        | Noticed a bag of meat
     1 | D        | Noticed a bag of meat
     2 | D        | Reached skill level 15 in Axes
     2 | D        | Reached XP level 2. HP: 23/23 MP: 0/0
     2 | D        | Reached XP level 3. HP: 28/28 MP: 0/0
     2 | D        | Learned a level 1 spell: Foxfire
     2 | D        | Reached XP level 4. HP: 33/33 MP: 0/0
     2 | D        | Reached XP level 5. HP: 38/38 MP: 0/0
     2 | D        | Learned a level 2 spell: Momentum Strike
     2 | D        | Reached XP level 6. HP: 43/43 MP: 0/0
     2 | D        | Reached XP level 7. HP: 49/49 MP: 0/0
     2 | D        | Learned a level 2 spell: Poisonous Vapours
     2 | D        | Reached XP level 8. HP: 54/54 MP: 0/0
     2 | D        | Reached XP level 9. HP: 58/58 MP: 0/0
     2 | D        | Learned a level 3 spell: Call Canine Familiar
     2 | D        | Reached XP level 10. HP: 64/64 MP: 0/0
     2 | D        | Reached XP level 11. HP: 68/68 MP: 0/0
     2 | D        | Learned a level 4 spell: Passage of Golubria
     4 | D        | Became a worshipper of Makhleb the Destroyer
     4 | D        | Noticed a bag of meat
     5 | D        | Noticed a bag of meat
     5 | D        | Killed a bag of meat
     5 | D        | Killed a bag of meat
     5 | D        | Reached * piety under Makhleb
     5 | D        | Killed a bag of meat
     6 | D        | Reached XP level 12. HP: 71/74 MP: 0/0
     6 | D        | Reached XP level 13. HP: 74/78 MP: 0/0
     6 | D        | Learned a level 5 spell: Yara's Violent Unravelling
     7 | D        | Noticed a bag of meat
     7 | D        | Noticed a bag of meat
     7 | D        | Noticed a bag of meat
     8 | D        | Noticed a meat berserker
     8 | D        | Noticed a meat berserker
     8 | D        | Noticed a bag of meat
     9 | D        | Noticed a bag of meat
     9 | D        | Noticed a bag of meat
     9 | D        | Noticed a bag of meat
     9 | D        | Noticed a bag of meat
     9 | D        | Noticed a meat berserker
     9 | D        | Noticed a bag of meat
     9 | D        | Noticed a bag of meat
     9 | D        | Noticed a bag of meat
     9 | D        | Noticed a bag of meat
    10 | D        | Killed a bag of meat
    10 | D        | Noticed a meat berserker
    11 | D        | Reached XP level 14. HP: 85/85 MP: 0/0
    11 | D        | Killed a bag of meat
    11 | D        | Reached ** piety under Makhleb
    11 | D        | Killed a bag of meat
    11 | D        | Killed a bag of meat
    11 | D        | Noticed a bag of meat
    11 | D        | Noticed a bag of meat
    12 | D        | Reached XP level 15. HP: 89/89 MP: 0/0
    12 | D        | Learned a level 6 spell: Summon Cactus Giant
    12 | D        | Reached *** piety under Makhleb
    12 | D        | Noticed a meat berserker
    13 | D        | Killed a meat berserker
    13 | D        | Noticed a meat berserker
    14 | D        | Reached XP level 16. HP: 94/94 MP: 0/0
    14 | D        | Killed a meat berserker
    14 | D        | Reached **** piety under Makhleb
    15 | D        | Reached skill level 27 in Axes
    15 | D        | Killed a meat berserker
    15 | D        | Noticed a meat berserker
    15 | D        | Noticed a meat berserker
    16 | D        | Reached skill level 27 in Spellcasting
    16 | D        | Reached XP level 17. HP: 115/115 MP: 0/0
    16 | D        | Learned a level 6 spell: Statue Form
    17 | D        | Reached ***** piety under Makhleb
    17 | D        | Killed a meat berserker
    17 | D        | Noticed a meat berserker
    18 | D        | Noticed a meat berserker
    18 | D        | Noticed a destroyer
    18 | D        | Noticed a meat berserker
    19 | D        | Noticed a large bag of meat
    19 | D        | Noticed a meat berserker
    20 | D        | Reached XP level 18. HP: 155/155 MP: 0/0
    20 | D        | Killed a meat berserker
    20 | D        | Reached ****** piety under Makhleb
    20 | D        | Noticed a large bag of meat
    21 | D        | Reached skill level 27 in Fighting
    21 | D        | Reached skill level 27 in Dodging
    21 | D        | Reached skill level 5 in Throwing
    21 | D        | Reached XP level 19. HP: 174/174 MP: 0/0
    21 | D        | Learned a level 7 spell: Malign Gateway
    21 | D        | Killed a destroyer
    22 | D        | Reached XP level 20. HP: 181/181 MP: 0/0
    22 | D        | Killed a meat berserker
    23 | D        | Killed a meat berserker
    24 | D        | Killed a meat berserker
    25 | D        | Reached skill level 27 in Armour
    25 | D        | Reached XP level 21. HP: 187/187 MP: 0/0
    25 | D        | Learned a level 7 spell: Storm Form
    25 | D        | Noticed a destroyer
    26 | D        | Reached skill level 27 in Throwing
    26 | D        | Killed a meat berserker
    26 | D        | Noticed a large bag of meat
    27 | D        | Reached skill level 5 in Maces & Flails
    27 | D        | Reached skill level 5 in Polearms
    27 | D        | Reached skill level 5 in Ranged Weapons
    27 | D        | Killed a meat berserker
    27 | D        | Killed a large bag of meat
    28 | D        | Reached skill level 10 in Shields
    28 | D        | Reached skill level 10 in Unarmed Combat
    28 | D        | Reached skill level 10 in Invocations
    28 | D        | Reached skill level 10 in Evocations
    28 | D        | Reached XP level 22. HP: 184/194 MP: 0/0
    28 | D        | Killed a large bag of meat
    28 | D        | Killed a meat berserker
    29 | D        | Reached XP level 23. HP: 184/201 MP: 0/0
    29 | D        | Learned a level 7 spell: Haunt
    29 | D        | Killed a destroyer
    31 | D        | Reached skill level 15 in Short Blades
    32 | D        | Reached skill level 15 in Maces & Flails
    32 | D        | Reached skill level 15 in Polearms
    32 | D        | Reached skill level 15 in Ranged Weapons
    32 | D        | Reached XP level 24. HP: 205/208 MP: 0/0
    38 | D        | Noticed a destroyer
    39 | D        | Killed a large bag of meat
    40 | D        | Reached XP level 25. HP: 121/214 MP: 0/0
    40 | D        | Learned a level 9 spell: Shatter
    41 | D        | Reached skill level 27 in Stealth
    42 | D        | Noticed a destroyer
    44 | D        | Noticed a large bag of meat
    44 | D        | Noticed a destroyer
    44 | D        | Noticed a destroyer
    44 | D        | Noticed a destroyer
    44 | D        | Noticed a destroyer
    45 | D        | Killed a destroyer
    45 | D        | Noticed a large bag of meat
    46 | D        | Killed a destroyer
    46 | D        | Noticed a destroyer
    47 | D        | Reached XP level 26. HP: 112/221 MP: 0/0
    47 | D        | Noticed a tyrant
    47 | D        | Killed a destroyer
    48 | D        | Noticed an accursed
    48 | D        | Killed a destroyer
    49 | D        | Noticed a tyrant
    49 | D        | Killed a destroyer
    50 | D        | Noticed an accursed
    53 | D        | Killed a destroyer
    54 | D        | Reached XP level 27. HP: 228/228 MP: 0/0
    54 | D        | Learned a level 9 spell: Chain Lightning
    54 | D        | Killed a destroyer
    55 | D        | Killed a tyrant
    57 | D        | Killed an accursed
    57 | D        | Killed an accursed
    58 | D        | Reached skill level 27 in Shields
    58 | D        | Reached skill level 27 in Unarmed Combat
    58 | D        | Reached skill level 27 in Invocations
    58 | D        | Reached skill level 27 in Evocations
    58 | D        | Killed a large bag of meat
    58 | D        | Killed a tyrant
    59 | D        | Killed a large bag of meat
    61 | D        | Noticed a dread
    63 | D        | Reached skill level 27 in Short Blades
    63 | D        | Reached skill level 27 in Long Blades
    63 | D        | Reached skill level 27 in Staves
    63 | D        | Noticed a dread
    63 | D        | Noticed an accursed
    64 | D        | Noticed a meat beast
    66 | D        | Killed a meat beast
    66 | D        | Killed a dread
    67 | D        | Reached skill level 27 in Maces & Flails
    67 | D        | Reached skill level 27 in Polearms
    67 | D        | Reached skill level 27 in Ranged Weapons
    67 | D        | Noticed a dread
    67 | D        | Noticed a dread
    68 | D        | Noticed a dread
    68 | D        | Noticed an accursed
    69 | D        | Killed a dread
    70 | D        | Noticed a meat beast
    71 | D        | Killed an accursed
    72 | D        | Killed a dread
    73 | D        | Killed a meat beast
    74 | D        | Noticed an accursed
    74 | D        | Noticed a destroyer
    75 | D        | Killed a dread
    76 | D        | Noticed a meat beast
    77 | D        | Killed an accursed
    77 | D        | Killed a dread
    80 | D        | Killed an accursed
    80 | D        | Killed a meat beast
    82 | D        | Killed a destroyer
    85 | D        | Noticed a meat beast
    86 | D        | Noticed an accursed
    86 | D        | Killed a meat beast
    86 | D        | Killed an accursed
    89 | D        | Noticed a large bag of meat
    89 | D        | Noticed a dread
    90 | D        | Killed a large bag of meat
    90 | D        | Noticed a destroyer
    90 | D        | Noticed a meat beast
    90 | D        | Noticed a destroyer
    91 | D        | Noticed a destroyer
    91 | D        | Noticed a large bag of meat
    91 | D        | Noticed a dread
    92 | D        | Killed a meat beast
    92 | D        | Noticed an accursed
    93 | D        | Killed a dread
    93 | D        | Killed a destroyer
    93 | D        | Noticed a large bag of meat
    93 | D        | Noticed a tyrant
    94 | D        | Killed an accursed
    94 | D        | Killed a large bag of meat
    94 | D        | Noticed The Defiler
    95 | D        | Killed a destroyer
    96 | D        | Killed a dread
    97 | D        | Killed a large bag of meat
   100 | D        | Killed a tyrant
   101 | D        | Killed The Defiler
   103 | D        | Killed a destroyer
   103 | D        | Noticed a tyrant
   104 | D        | Killed a tyrant
   104 | D        | Noticed a dread
   105 | D        | Killed a dread
   109 | D        | Noticed a meat beast
   110 | D        | Killed a meat beast
   113 | D        | Noticed a fleshlord
   114 | D        | Noticed a fleshlord
   114 | D        | Killed a fleshlord
   116 | D        | Killed a fleshlord
   117 | D        | Noticed a fleshlord
   117 | D        | Killed a fleshlord
   118 | D        | Noticed a fleshlord
   118 | D        | Killed a fleshlord
   119 | D        | Noticed a fleshlord
   120 | D        | Killed a fleshlord
   120 | D        | Noticed a fleshlord
   121 | D        | Killed a fleshlord
   121 | D        | Noticed a meat beast
   122 | D        | Noticed a fleshlord
   122 | D        | Noticed a fleshlord
   122 | D        | Noticed a destroyer
   122 | D        | Noticed an accursed
   123 | D        | Killed an accursed
   123 | D        | Killed a meat beast
   123 | D        | Killed a fleshlord
   123 | D        | Noticed a fleshlord
   123 | D        | Noticed a meat beast
   124 | D        | Killed a fleshlord
   124 | D        | Killed a fleshlord
   124 | D        | Killed a destroyer
   124 | D        | Noticed a dread
   125 | D        | Noticed an accursed
   126 | D        | Noticed a destroyer
   126 | D        | Killed a dread
   126 | D        | Killed a destroyer
   127 | D        | Killed an accursed
   127 | D        | Noticed a fleshlord
   128 | D        | Killed a fleshlord
   128 | D        | Noticed a destroyer
   129 | D        | Killed a destroyer
   133 | D        | Noticed a fleshlord
   133 | D        | Noticed a large bag of meat
   133 | D        | Noticed a meat beast
   133 | D        | Noticed a fleshlord
   133 | D        | Noticed a fleshlord
   133 | D        | Noticed a tyrant
   133 | D        | Noticed an accursed
   133 | D        | Noticed a large bag of meat
   134 | D        | Noticed a tyrant
   135 | D        | Killed a meat beast
   136 | D        | Killed a fleshlord
   136 | D        | Killed a fleshlord
   137 | D        | Killed from afar by a wretched soul

Illustrated notes

Levels and vault maps discovered:
D:        meatsprint

Skill      XL: |  1  2  3  4  5  6  7  8  9 10 11 12 13 14 15 16 17 18 19 20 21 22 23 24 25 26 27 |
---------------+----------------------------------------------------------------------------------+-----
Axes           | 15 20 21 23 26 27 | 27.0
Spellcasting   | 14 19 20 22 24 27 | 27.0
Fighting       | 8 22 27 | 27.0
Dodging        | 9 23 27 | 27.0
Throwing       | 5 16 24 27 | 27.0
Armour         | 6 18 27 | 27.0
Short Blades   | 9 12 17 20 23 27 | 27.0
Long Blades    | 9 12 16 19 23 27 | 27.0
Maces & Flails | 8 11 15 18 21 27 | 27.0
Polearms       | 8 11 15 18 21 27 | 27.0
Staves         | 9 12 16 19 23 27 | 27.0
Ranged Weapons | 8 11 15 18 21 27 | 27.0
Stealth        | 9 12 16 26 27 | 27.0
Shields        | 10 13 17 18 21 24 27 | 27.0
Unarmed Combat | 10 13 17 18 21 24 27 | 27.0
Invocations    | 10 13 17 18 21 24 27 | 27.0
Evocations     | 10 13 17 18 21 24 27 | 27.0

Action                     |  1- 3 |  4- 6 |  7- 9 | 10-12 | 13-15 | 16-18 | 19-21 | 22-24 | 25-27 || total
---------------------------+-------+-------+-------+-------+-------+-------+-------+-------+-------++-------
  Melee: Executioner's axe |     1 |       |       |     3 |     6 |     6 |     7 |     7 |   151 ||   181
   Cast: Manifold Assault  |       |       |       |     1 |     1 |       |       |       |    40 ||    42
         Blink             |       |       |       |       |       |     1 |       |     1 |     1 ||     3
         Shatter           |       |       |       |       |       |       |       |       |     1 ||     1
         Passage of Golubr |       |       |       |       |       |       |       |       |     1 ||     1
         Vhi's Electric Ch |       |       |       |       |       |       |       |       |     1 ||     1
  Dodge: Dodged            |       |       |       |       |       |     1 |       |     2 |     9 ||    12
